 Dungeon Crawl Stone Soup version 0.21.1-1-g345015fe64 (webtiles) character file.

30358 flamingdaze the Severer (level 13, -7/186 HPs)
             Began as a Minotaur Berserker on July 13, 2018.
             Was a High Priest of Trog.
             Mangled by Loge's ghost (14 damage)
             ... on level 13 of the Dungeon.
             The game lasted 01:03:12 (11177 turns).

flamingdaze the Severer (Minotaur Berserker)       Turns: 11177, Time: 01:03:12

Health: -7/186     AC: 27    Str: 33    XL:     13   Next: 20%
Magic:  12/12      EV: 10    Int:  4    God:    Trog [*****.]
Gold:   835        SH: 10    Dex: 11    Spells: 12/12 levels left

rFire    + . .     SeeInvis .   K - +2 broad axe (freeze)
rCold    . . .     Gourm    .   P - +0 buckler
rNeg     . . .     Faith    .   R - +4 plate armour {rF+}
rPois    .         Spirit   .   (helmet restricted)
rElec    .         Reflect  +   M - +0 cloak
rCorr    .         Harm     .   J - +0 pair of gloves
MR       ++...                  (no boots)
Stlth    ..........             F - +5 amulet of reflection
HPRegen  1.41/turn              l - +5 ring of protection
MPRegen  0.13/turn              j - +2 ring of strength

@: berserking, regenerating, very quick
A: retaliatory headbutt, horns 2
a: Berserk, Trog's Hand, Brothers in Arms, Burn Spellbooks, Renounce Religion


You were on level 13 of the Dungeon.
You worshipped Trog.
Trog was extremely pleased with you.
You were very hungry.

You visited 5 branches of the dungeon, and saw 19 of its levels.

You collected 1824 gold pieces.
You spent 989 gold pieces at shops.

Inventory:

Hand Weapons
 a - a +2 hand axe
 I - a +2 war axe of venom
 K - a +2 broad axe of freezing (weapon)
 N - the +0 rapier "Hylel" {flame, rElec rC++ Str+3 Dex-5}
   (You found it on level 1 of the Lair of Beasts)

   It has been specially enchanted to burn those struck by it, causing extra
   injury to most foes and up to half again as much damage against particularly
   susceptible opponents.
   It affects your strength (+3).
   It affects your dexterity (-5).
   It greatly protects you from cold.
   It insulates you from electricity.
 O - a +0 battleaxe
 Q - a +1 battleaxe of flaming
Missiles
 d - 433 stones (quivered)
Armour
 w - a +0 helmet
 y - a +4 plate armour
 J - a +0 pair of gloves (worn)
 M - a +0 cloak (worn)
 P - a +0 buckler (worn)
 R - a +4 plate armour of fire resistance (worn)
Jewellery
 e - an uncursed ring of stealth
 j - a +2 ring of strength (right hand)
 k - an uncursed ring of protection from cold
 l - a +5 ring of protection (left hand)
 s - an uncursed amulet of the gourmand
 t - an uncursed ring of protection from cold
 x - a +4 ring of dexterity
 F - a +5 amulet of reflection (around neck)
 L - an uncursed ring of flight
Wands
 m - a wand of disintegration (15)
 r - a wand of flame (49)
 H - a wand of scattershot (4)
 T - a wand of polymorph (6)
Scrolls
 n - 4 scrolls of remove curse
 p - 2 scrolls of fog
 z - 2 scrolls of magic mapping
 A - 5 scrolls of teleportation
 C - 4 scrolls of identify
 G - 3 scrolls of fear
Potions
 b - 2 potions of flight
 f - 3 potions of invisibility
 g - 5 potions of curing
 h - 3 potions of magic
 i - a potion of cancellation {unknown}
 o - 2 potions of might
 q - 3 potions of heal wounds {unknown}
 u - 3 potions of degeneration
 v - 3 potions of agility
 B - 2 potions of lignification {unknown}
 D - a potion of brilliance {unknown}
Miscellaneous
 E - a phantom mirror
Comestibles
 c - 31 rations
 S - 12 chunks of flesh


   Skills:
 + Level 14.0 Fighting
 + Level 17.3 Axes
 + Level 12.6 Armour
 - Level 4.6 Dodging
 - Level 1.1 Stealth
 + Level 4.7 Shields


You had 12 spell levels left.
You didn't know any spells.

Dungeon Overview and Level Annotations

Branches:
Dungeon (13/15)            Temple (1/1) D:7            Lair (2/6) D:9
    Orc (2/2) D:12            Elf (1/3) Orc:2        Vaults (0/5) D:13
  Swamp: Lair:2-4    Shoals: Lair:2-4     Snake: Lair:2-4    Spider: Lair:2-4

Altars:
Ashenzari
Cheibriados
Dithmenos
Elyvilon
Fedhas
Gozag
Hepliaklqana
Kikubaaqudgha
Makhleb
Nemelex Xobeh
Okawaru
Qazlal
Ru
Sif Muna
Trog
Uskayaw
Vehumet
Wu Jian
Xom
Yredelemnul
Zin
The Shining One

Shops:
D:5 *   D:9 *   Orc:1 (   Orc:2 %[:(%

Annotations:
D:13 Loge's ghost, journeyman MiBe
Lair:2 exclusion: oklob plant


Innate Abilities, Weirdness & Mutations

You reflexively headbutt those who attack you in melee.
You have a pair of horns on your head.


Message History

You miss Loge's ghost. Your headbutt misses Loge's ghost.
Loge's ghost is moderately damaged.
Loge's ghost hits you!!
* * * LOW HITPOINT WARNING * * *
You completely miss Loge's ghost.
Loge's ghost is moderately damaged.
Loge's ghost hits you!!
* * * LOW HITPOINT WARNING * * *
x2 A red film seems to cover your vision as you go berserk!
You feel yourself moving faster!
You feel mighty!
You are feeling very hungry.
Loge's ghost hits you!
* * * LOW HITPOINT WARNING * * *
x2 You miss Loge's ghost.
Loge's ghost is moderately damaged.
You slice Loge's ghost!! You freeze Loge's ghost!
Your headbutt misses Loge's ghost.
Loge's ghost is heavily damaged.
Loge's ghost hits you!
You die...

....... ......# ## .
.#....# .. .. .....##!#
# ... ........##. ...
#.##...... #. #. .##..
#C##.#..# ##.# #.
......#W##.#..##.##..##.
.......@%...............
.##.#.#.##)#..##.# #..#.
#.#.##.#..##.####.#.
.....................
........#..##..# #..
......##.#.)##..####.)
#...................##.
................#####.
$#....###..###......>


You could see a cyclops and Loge's ghost.

Vanquished Creatures
  Snorg (D:11)
  Josephine (D:11)
  A vault guard (D:13)
  A hydra (Lair:2)
  Erolcha (D:11)
  6 two-headed ogres
  An orc high priest (Orc:2)
  A wizard (D:13)
  Pikel (D:7)
  A necromancer (D:13)
  A deep elf mage (Elf:1)
  An orc knight (Orc:1)
  5 orc sorcerers
  An ugly thing (D:11)
  A cyclops (D:10)
  The ghost of Tali the Chopper, a novice MiFi of Trog (D:6)
  2 black mambas
  The ghost of Gargoyl the Skirmisher, a novice CeAK of Lugonu (D:5)
  Joseph (D:7)
  A gargoyle (D:13)
  3 komodo dragons
  A troll (Orc:1)
  A slime creature (D:13)
  5 wraiths (D:11)
  3 yaks (Lair:2)
  2 shadows (D:12)
  A vampire (D:13)
  20 humans (D:13)
  A wyvern (D:12)
  Grum (D:11)
  A warg (Orc:2)
  3 water moccasins (Lair:2)
  3 porcupines (Lair:2)
  2 hell hounds (D:9)
  3 ice beasts
  A black bear (shapeshifter) (D:13)
  14 orc warriors
  5 sky beasts
  2 necrophages
  6 ogres
  3 phantoms
  3 centaurs
  An eye of draining (D:13)
  4 wolves (D:11)
  7 crocodiles
  5 bullfrogs
  10 killer bees
  4 scorpions
  4 wights
  5 crimson imps
  A centaur zombie (D:6)
  A quasit (D:13)
  A bullfrog zombie (D:12)
  7 hounds
  2 jellies
  2 bullfrog skeletons
  15 orc priests
  26 orc wizards
  3 iguanas
  Terence (D:3)
  9 worker ants
  A hound skeleton (D:4)
  A howler monkey zombie (D:8)
  A worker ant zombie (D:5)
  9 adders
  A shadow imp (D:12)
  2 oozes
  An adder zombie (D:6)
  2 adder skeletons (D:9)
  2 worms
  2 leopard geckos
  73 orcs
  2 ball pythons
  7 giant cockroaches
  11 goblins
  10 hobgoblins
  6 jackals
  4 kobolds (D:2)
  6 quokkas
  A ball python skeleton (D:4)
  4 bats
  8 frilled lizards
  A jackal skeleton (D:4)
  A quokka skeleton (D:9)
  2 rats (D:1)
  A butterfly (Lair:2)
381 creatures vanquished.

Vanquished Creatures (collateral kills)
  A vault guard (D:13)
  2 orc sorcerers (Orc:2)
  A human (D:13)
  4 orc warriors (Orc:2)
  6 orc priests (Orc:2)
  3 orc wizards (Orc:2)
  2 orcs (Orc:2)
19 creatures vanquished.

Vanquished Creatures (others)
  An ogre (D:7)
  A centaur (D:7)
  2 orc wizards (Orc:2)
4 creatures vanquished.

Grand Total: 404 creatures vanquished

Notes
Turn   | Place    | Note
-------+----------+-------------------------------------------
     0 | D:1      | flamingdaze the Minotaur Berserker began the quest for the Orb.
     0 | D:1      | Reached XP level 1. HP: 19/19 MP: 0/0
   400 | D:1      | Reached skill level 4 in Axes
   400 | D:1      | Reached XP level 2. HP: 27/27 MP: 1/1
   744 | D:2      | Noticed an air elemental
   746 | D:2      | Found a stormy altar of Qazlal.
   748 | D:2      | Noticed a water elemental
   749 | D:2      | Noticed a fire elemental
   749 | D:2      | Noticed an earth elemental
   818 | D:2      | Reached XP level 3. HP: 24/33 MP: 2/2
   822 | D:2      | Reached ** piety under Trog
   854 | D:2      | Found a shadowy altar of Dithmenos.
   869 | D:2      | Found a blossoming altar of Fedhas.
  1193 | D:2      | Reached skill level 1 in Stealth
  1193 | D:2      | Reached XP level 4. HP: 25/40 MP: 3/3
  1699 | D:3      | Reached skill level 5 in Axes
  1744 | D:3      | Noticed an orc warrior
  1756 | D:3      | Killed an orc warrior
  1756 | D:3      | Reached XP level 5. HP: 5/47 MP: 4/4
  1757 | D:3      | HP: 1/70 [orc priest/falchion (6)]
  1758 | D:3      | Reached skill level 5 in Fighting
  1758 | D:3      | Reached skill level 6 in Axes
  1843 | D:3      | Found a faded altar of an unknown god.
  2014 | D:3      | Reached XP level 6. HP: 55/56 MP: 5/5
  2050 | D:3      | Reached *** piety under Trog
  2144 | D:3      | Noticed Terence
  2153 | D:3      | Killed Terence
  2220 | D:3      | Found a stormy altar of Qazlal.
  2222 | D:3      | Found a bloodstained altar of Trog.
  2222 | D:3      | Found a hazy altar of Hepliaklqana.
  2227 | D:3      | Found a shadowy altar of Dithmenos.
  2227 | D:3      | Found a shimmering altar of Xom.
  2227 | D:3      | Found an ancient bone altar of Kikubaaqudgha.
  2626 | D:4      | Found a sparkling altar of Nemelex Xobeh.
  2629 | D:4      | Found a deep blue altar of Sif Muna.
  2629 | D:4      | Found an iron altar of Okawaru.
  2633 | D:4      | Found an ancient bone altar of Kikubaaqudgha.
  2963 | D:4      | Reached skill level 7 in Axes
  3072 | D:4      | Reached XP level 7. HP: 32/62 MP: 6/6
  3257 | D:5      | Entered Level 5 of the Dungeon
  3269 | D:5      | Noticed Gargoyl's ghost (novice CeAK)
  3280 | D:5      | Killed Gargoyl's ghost
  3280 | D:5      | Reached skill level 8 in Axes
  3306 | D:5      | Reached XP level 8. HP: 69/71 MP: 7/7
  3340 | D:5      | Reached skill level 5 in Armour
  3361 | D:5      | Found Micwuz's General Store.
  3436 | D:5      | Reached skill level 9 in Axes
  3553 | D:5      | Found a hide-covered altar of Uskayaw.
  3598 | D:5      | Reached **** piety under Trog
  3684 | D:5      | Found a sacrificial altar of Ru.
  3824 | D:6      | Noticed Tali's ghost (novice MiFi)
  3833 | D:6      | Killed Tali's ghost
  3833 | D:6      | Reached skill level 10 in Axes
  3901 | D:6      | Reached XP level 9. HP: 68/81 MP: 8/8
  4283 | D:6      | Reached skill level 11 in Axes
  4498 | D:6      | Found a radiant altar of Vehumet.
  4501 | D:6      | Found a burning altar of Makhleb.
  4656 | D:7      | Noticed Pikel
  4673 | D:7      | Killed Pikel
  4703 | D:7      | Noticed Joseph
  4722 | D:7      | Killed Joseph
  4755 | D:7      | Reached skill level 12 in Axes
  4880 | D:7      | Noticed a two-headed ogre
  4888 | D:7      | Killed a two-headed ogre
  4888 | D:7      | Reached XP level 10. HP: 42/91 MP: 9/9
  5110 | D:7      | Found a staircase to the Ecumenical Temple.
  5116 | Temple   | Entered the Ecumenical Temple
  5648 | D:8      | Noticed a two-headed ogre
  5661 | D:8      | Killed a two-headed ogre
  5807 | D:8      | Reached skill level 10 in Fighting
  5967 | D:8      | Found an ornate altar of the Wu Jian Council.
  6297 | D:9      | Found a staircase to the Lair.
  6406 | D:9      | Found Naegeras's General Store.
  6421 | D:9      | Bought a +0 war axe of venom for 105 gold pieces
  6443 | D:9      | Reached skill level 13 in Axes
  6472 | D:9      | Found an opulent altar of Gozag.
  6587 | D:9      | Noticed a two-headed ogre
  6595 | D:9      | Killed a two-headed ogre
  6595 | D:9      | Reached skill level 10 in Armour
  6639 | D:9      | Found a shimmering altar of Xom.
  6994 | Lair:1   | Entered Level 1 of the Lair of Beasts
  6994 | Lair:1   | Noticed a black mamba
  7006 | Lair:1   | Killed a black mamba
  7240 | Lair:1   | Reached XP level 11. HP: 89/101 MP: 10/10
  7300 | Lair:1   | Got an iridescent rapier
  7301 | Lair:1   | Identified the +0 rapier "Hylel" {flame, rElec rC++ Str+3 Dex-5} (You found it on level 1 of the Lair of Beasts)
  7704 | Lair:2   | Reached skill level 14 in Axes
  7753 | Lair:2   | Noticed an oklob plant
  7769 | Lair:2   | Noticed a four-headed hydra
  7790 | Lair:2   | Killed a 12-headed hydra
  7868 | D:10     | Entered Level 10 of the Dungeon
  7977 | D:11     | Noticed a white ugly thing
  7989 | D:11     | Killed a white ugly thing
  8070 | D:11     | Noticed Erolcha
  8077 | D:11     | Killed Erolcha
  8226 | D:11     | Noticed a two-headed ogre
  8235 | D:11     | Killed a two-headed ogre
  8267 | D:11     | Noticed Grum
  8268 | D:11     | Noticed a two-headed ogre
  8280 | D:11     | Killed a two-headed ogre
  8280 | D:11     | Reached skill level 15 in Axes
  8286 | D:11     | Killed Grum
  8347 | D:11     | Noticed Snorg
  8360 | D:11     | Killed Snorg
  8360 | D:11     | Reached ***** piety under Trog
  8666 | D:11     | Noticed Josephine
  8684 | D:11     | Killed Josephine
  8684 | D:11     | Received a gift from Trog
  8691 | D:11     | Reached XP level 12. HP: 112/112 MP: 11/11
  9009 | D:12     | Noticed a two-headed ogre
  9016 | D:12     | Killed a two-headed ogre
  9160 | D:12     | Reached skill level 16 in Axes
  9400 | D:12     | Found a staircase to the Orcish Mines.
  9457 | Orc:1    | Entered Level 1 of the Orcish Mines
  9592 | Orc:1    | Found Qaur's Antique Weapon Shoppe.
  9692 | Orc:2    | Entered Level 2 of the Orcish Mines
  9705 | Orc:2    | Received a gift from Trog
  9714 | Orc:2    | Found a staircase to the Elven Halls.
  9806 | Orc:2    | Noticed an orc high priest
  9813 | Orc:2    | Killed an orc high priest
  9813 | Orc:2    | Reached skill level 1 in Shields
 10007 | Orc:2    | Found Wemorph's Food Boutique.
 10071 | Orc:2    | Found Hicsoq's Book Emporium.
 10071 | Orc:2    | Found Kiecopn's Antique Armour Emporium.
 10097 | Orc:2    | Found Ivay's Weapon Shoppe.
 10100 | Orc:2    | Found Hoaxky's Food Shoppe.
 10102 | Orc:2    | Bought a shiny plate armour for 884 gold pieces
 10428 | Orc:2    | Paralysed by an orc sorcerer for 5 turns
 10591 | Elf:1    | Entered Level 1 of the Elven Halls
 10815 | D:13     | Received a gift from Trog
 10826 | D:13     | Reached skill level 17 in Axes
 10889 | D:13     | Reached XP level 13. HP: 122/123 MP: 12/12
 10924 | D:13     | Found a gate to the Vaults.
 11154 | D:13     | Noticed Loge's ghost (journeyman MiBe)
 11175 | D:13     | HP: 7/186 [Loge's ghost (7)]
 11177 | D:13     | Mangled by Loge's ghost

Skill      XL: |  1  2  3  4  5  6  7  8  9 10 11 12 13 |
---------------+----------------------------------------+-----
Axes           | 4 5 6 7 8 10 12 13 15 17 | 17.3
Fighting       | 4 5 6 7 9 10 12 13 14 | 14.0
Stealth        | 1 |  1.1
Dodging        | 3 4 |  4.6
Armour         | 3 4 6 8 10 11 12 | 12.6
Shields        | 4 |  4.7

Action                   |  1- 3 |  4- 6 |  7- 9 | 10-12 | 13-15 || total
-------------------------+-------+-------+-------+-------+-------++-------
Melee: Hand axe          |    85 |   126 |   274 |   144 |       ||   629
       Headbutt          |    13 |    26 |    53 |   128 |    11 ||   231
       War axe           |       |       |       |   497 |       ||   497
       Broad axe         |       |       |       |     6 |    59 ||    65
Invok: Trog's Hand       |       |     2 |     4 |    11 |     2 ||    19
       Berserk           |       |     2 |     3 |     6 |     2 ||    13
       Brothers in Arms  |       |       |       |     1 |     1 ||     2
  Use: Scroll            |     2 |     1 |    10 |    13 |       ||    26
 Stab: Sleeping          |     6 |     1 |       |       |       ||     7
  Eat: Chunk             |     1 |    28 |    11 |    15 |     2 ||    57
       Ration            |       |     1 |       |     2 |       ||     3
Armor: Animal skin       |     9 |       |       |       |       ||     9
       Chain mail        |       |    43 |       |       |       ||    43
       Plate armour      |       |       |   108 |   300 |    17 ||   425
Dodge: Dodged            |    45 |    49 |    78 |   168 |     8 ||   348
Block: Other             |       |       |       |    40 |       ||    40
       Buckler           |       |       |       |    62 |     9 ||    71
       Reflection        |       |       |       |     1 |       ||     1
